 Dungeon Crawl Stone Soup version 0.20-a0-1043-gbd57889 (webtiles) character file.

56 Gorglomux the Skirmisher (level 3, 0/33 HPs)
             Began as a Hill Orc Venom Mage on Apr 24, 2017.
             Succumbed to an adder's poison
             ... on level 2 of the Dungeon.
             The game lasted 00:03:11 (1512 turns).

Gorglomux the Skirmisher (Hill Orc Venom Mage)      Turns: 1512, Time: 00:03:12

Health: 0/33       AC:  4    Str: 12    XL:     3   Next: 97%
Magic:  3/5        EV: 11    Int: 15    God:
Gold:   88         SH:  0    Dex: 12    Spells: 4/5 levels left

rFire    . . .     SeeInvis .   k - +0 whip
rCold    . . .     Gourm    .   (no shield)
rNeg     . . .     Faith    .   i - +0 leather armour (curse)
rPois    .         Spirit   .   (no helmet)
rElec    .         Reflect  .   (no cloak)
rCorr    .         Harm     .   (no gloves)
MR       .....                  s - +0 pair of boots
Stlth    +.........             (no amulet)
Regen    0.2/turn               (no ring)
MPRegen  0.1/turn               (no ring)

@: lethally poisoned (0 -> -3)
A: strong 1, wild magic 1
a: no special abilities


You were on level 2 of the Dungeon.
You were hungry.

You visited 1 branch of the dungeon, and saw 2 of its levels.

You collected 88 gold pieces.

Inventory:

Hand Weapons
 f - a +0 club
   (You took it off a hobgoblin on level 1 of the Dungeon)
 k - a +0 whip (weapon)
   (You found it on level 1 of the Dungeon)
Missiles
 e - 96 stones (quivered)
Armour
 i - a cursed +0 leather armour (worn)
   (You found it on level 1 of the Dungeon)
 s - a +0 pair of boots (worn)
   (You found it on level 2 of the Dungeon)
Scrolls
 g - a scroll of teleportation {unknown}
 h - a scroll of identify {unknown}
 j - a scroll of recharging {unknown}
 p - 2 scrolls of magic mapping {unknown}
 q - a scroll of remove curse {unknown}
Potions
 l - a potion of mutation {!q}
Books
 b - a Young Poisoner's Handbook
Comestibles
 c - a bread ration {@e1@e1}
 d - 2 meat rations {@e2@e2}
 r - 2 chunks of flesh {@w0@w0}


   Skills:
 + Level 4.1 Fighting
 - Level 1.5 Dodging
 - Level 1.5 Stealth
 - Level 1.5 Spellcasting
 - Level 1.0 Conjurations
 - Level 2.6 Poison Magic


You had 4 spell levels left.
You knew the following spells:

 Your Spells              Type           Power        Failure   Level  Hunger
a - Sting                 Conj/Pois      #...         21%         1    ##.....


Dungeon Overview and Level Annotations

Branches:
Dungeon (2/15)

Altars:
Qazlal


Innate Abilities, Weirdness & Mutations

Your muscles are strong. (Str +2)
Your spells are a little harder to cast, but a little more powerful.


Message History

The ball python constricts you.
You take 3 damage, and have 29/33 hp.
You now have 2/5 mp.
Unknown command.
Unknown command.
You escape the ball python's grasp.
You hit the ball python.
You kill the ball python!
You open the door. The leopard gecko bites you.
You take 3 damage, and have 26/33 hp.
You barely miss the leopard gecko. The leopard gecko barely misses you.
The leopard gecko completely misses you.
You closely miss the leopard gecko.
The leopard gecko bites you but does no damage.
There is an open door here.
You closely miss the hobgoblin. The hobgoblin closely misses you.
An adder comes into view.
The adder hisses angrily.
You hit the hobgoblin.
You kill the hobgoblin!
The adder misses you.
You hit the leopard gecko. The adder bites you but does no damage.
The leopard gecko bites you but does no damage.
The adder bites you but does no damage. The leopard gecko closely misses you.
Aim: an adder You miscast Sting.
You are very lightly contaminated with residual magic.
Nothing appears to happen.
The adder bites you.
The leopard gecko completely misses you.
You take 1 damage, and have 26/33 hp.
You now have 3/5 mp.
Aim: an adder The sting hits the adder.
The adder closely misses you. The leopard gecko bites you.
You take 2 damage, and have 24/33 hp.
You now have 2/5 mp.
Aim: an adder (lightly wounded)
The sting misses the adder.
The adder bites you. The leopard gecko closely misses you.
The adder misses you.
You take 2 damage, and have 22/33 hp.
You now have 1/5 mp.
Aim: an adder (lightly wounded)
The sting misses the adder.
The leopard gecko misses you. The adder bites you.
The leopard gecko bites you but does no damage.
You take 2 damage, and have 20/33 hp.
You now have 0/5 mp.
You don't have enough magic to cast that spell.
It was a potion of mutation.
You feel extremely strange.
You feel less in control of your magic.
You feel stronger. The adder bites you. The leopard gecko barely misses you.
You take 1 damage, and have 19/33 hp.
Okay, then.
It was a potion of magic.
Magic courses through your body. The adder bites you but does no damage.
The leopard gecko closely misses you. The adder barely misses you.
MP restored: 5
Okay, then.
Aim: an adder (lightly wounded)
You miscast Sting.
You feel slightly ill.
You are feeling hungry.
The leopard gecko bites you. The adder misses you.
You take 2 damage, and have 17/33 hp.
You now have 4/5 mp.
Aim: an adder (lightly wounded)
The sting misses the adder.
The leopard gecko bites you. The adder bites you.
You are poisoned.
The adder poisons you!
You take 3 damage, and have 14/33 hp.
You now have 3/5 mp.
Aim: an adder (lightly wounded)
You miscast Sting.
You feel a strange surge of energy!
You feel sick. The leopard gecko barely misses you.
The adder barely misses you. The leopard gecko bites you. The adder bites you.
* * * LOW HITPOINT WARNING * * *
You take 7 damage, and have 7/33 hp.
MASSIVE DAMAGE!!
You now have 2/5 mp.
It was a potion of flight.
You feel very buoyant.
You fly up into the air.
You feel sick. The adder bites you but does no damage.
The leopard gecko bites you.
* * * LOW HITPOINT WARNING * * *
You take 3 damage, and have 4/33 hp.
It was a potion of haste.
You feel yourself speed up. The adder bites you.
* * * LOW HITPOINT WARNING * * *
The leopard gecko closely misses you.
You take 3 damage, and have 1/33 hp.
It was a potion of cancellation.
Your magical effects are unravelling.
You feel magically purged.
Your magical contamination has completely faded away.
You feel yourself slow down.
You float gracefully downwards.
The adder bites you but does no damage. The leopard gecko closely misses you.
Unknown command.
You hit the adder but do no damage.
* * * LOW HITPOINT WARNING * * *
You feel sick. The adder closely misses you.
The leopard gecko bites you but does no damage.
You take 1 damage, and have 1/33 hp.
You hit the adder. The adder barely misses you.
The leopard gecko closely misses you. The adder bites you but does no damage.
Unknown command.
You closely miss the adder.
You die...

#...... #...... (.(....
####### #..(... #......
#.((...## #......
#.......#############......
.........S@l..............[
######.####)...#####...†..
..........l'...............
#####.....##.....#####.##.#
#.....+<......# #.##.#
#.....##....#.## #....#
#.....##.......# #).###
#.....##.......# #..#
#.....#####....###..###


You could see an adder and a leopard gecko.

Vanquished Creatures
  An adder (D:2)
  2 oozes
  A worm (D:2)
  A dart slug (D:2)
  5 bats
  A giant cockroach (D:2)
  2 goblins (D:2)
  7 hobgoblins
  A quokka (D:1)
  A ball python (D:2)
  3 frilled lizards
  4 kobolds
  5 rats
34 creatures vanquished.

Notes
Turn   | Place    | Note
-------+----------+-------------------------------------------
     0 | D:1      | Gorglomux the Hill Orc Venom Mage began the quest for the Orb.
     0 | D:1      | Reached XP level 1. HP: 14/14 MP: 3/3
    65 | D:1      | Reached skill level 1 in Fighting
   210 | D:1      | Reached XP level 2. HP: 24/24 MP: 4/4
   277 | D:1      | Reached skill level 2 in Fighting
  1042 | D:2      | Reached skill level 3 in Fighting
  1049 | D:2      | Reached XP level 3. HP: 24/31 MP: 1/5
  1356 | D:2      | Noticed a water elemental
  1358 | D:2      | Noticed an earth elemental
  1360 | D:2      | Found a stormy altar of Qazlal.
  1366 | D:2      | Noticed a fire elemental
  1366 | D:2      | Noticed an air elemental
  1379 | D:2      | Reached skill level 4 in Fighting
  1502 | D:2      | Gained mutation: Your spells are a little harder to cast, but a little more powerful. [potion of mutation]
  1502 | D:2      | Gained mutation: Your muscles are strong. (Str +2) [potion of mutation]
  1506 | D:2      | HP: 7/33 [adder (3)]
  1508 | D:2      | HP: 1/33 [adder (3)]
  1512 | D:2      | Succumbed to an adder's poison

Vault maps used:
D:1:      lemuel_arrival_hallway, minivault_23, minmay_heptomino_o4
D:2:      nicolae_qazlal_style_of_elements, nicolae_overflow_hidden_temple

Skill      XL: |  1  2  3 |
---------------+----------+-----
Fighting       | 1 3 4 |  4.1
Dodging        | |  1.5
Stealth        | |  1.5
Spellcasting   | |  1.5
Conjurations   | |  1.0
Poison Magic   | |  2.6

Action                   || total
-------------------------++-------
Melee: Club              ||    32
       Unarmed           ||     1
       Whip              ||    52
Throw: Stone             ||    32
 Cast: Sting             ||    52
  Use: Potion            ||     5
 Stab: Sleeping          ||     2
  Eat: Chunk             ||     3
Armor: Robe              ||     3
       Leather armour    ||    28
Dodge: Dodged            ||    85

Vault maps used:
D:1:      lemuel_arrival_hallway, minivault_23, minmay_heptomino_o4
D:2:      nicolae_qazlal_style_of_elements, nicolae_overflow_hidden_temple

Table legend:
 A = Turns spent in this place as a percentage of turns spent in the entire game.
 B = Non-inter-level travel turns spent in this place as a percentage of non-inter-level travel turns spent in the entire game.
 C = Inter-level travel turns spent in this place as a percentage of turns spent in this place.
 D = Turns resting spent in this place as a percentage of non-inter-level travel turns spent in this place.
 E = Turns spent auto-exploring this place as a percentage of non-inter-level travel turns spent in this place.
 F = Non-inter-level travel turns spent in this place divided by the number of levels of this place that you've seen.
                   A       B       C       D       E      F
               +-------+-------+-------+-------+-------+----------------------
         Total | 100.0 | 100.0 |   0.2 |   4.8 |   9.0 | 250.5
       Dungeon | 100.0 | 100.0 |   0.2 |   4.8 |   9.0 | 250.5
               +-------+-------+-------+-------+-------+----------------------

Table legend:
 A = Kills in this place as a percentage of kills in entire the game.
 B = Kills by you in this place as a percentage of kills by you in the entire game.
 C = Kills by friends in this place as a percentage of kills by friends in the entire game.
 D = Other kills in this place as a percentage of other kills in the entire game.
 E = Experience gained in this place as a percentage of experience gained in the entire game.
 F = Experience gained in this place divided by the number of levels of this place that you have seen.
                   A       B       C       D       E      F
               +-------+-------+-------+-------+-------+----------------------
         Total | 100.0 | 100.0 |  -nan |  -nan | 100.0 |  40.5
       Dungeon | 100.0 | 100.0 |  -nan |  -nan | 100.0 |  40.5
               +-------+-------+-------+-------+-------+----------------------
